 Dungeon Crawl Stone Soup version 0.31-a0-845-g9abc20d24f (webtiles) character file.

Game seed: 1446154045303909229

228 Moonkey the Conjurer (level 5, 0/30 HPs)
             Began as a Deep Elf Conjurer on Oct 3, 2023.
             Slain by Crazy Yiuf
             ... wielding a +2 quarterstaff of chaos
              (1 damage)
             ... on level 3 of the Dungeon.
             The game lasted 00:11:14 (3471 turns).

Moonkey the Conjurer (Deep Elf Conjurer)            Turns: 3471, Time: 00:11:19

Health: 0/30       AC:  3    Str:  4    XL:     5   Next: 71%
Magic:  7/13       EV: 11    Int: 31    God:
Gold:   150        SH:  0    Dex: 13    Spells: 6/13 levels left

rFire   . . .        (no weapon)
rCold   . . .        (no shield)
rNeg    . . .        l - +0 troll leather armour {Pargi}
rPois   .            (no helmet)
rElec   .            (no cloak)
rCorr   .            (no gloves)
SInv    .            (no boots)
Will    .....        (no amulet)
Stlth   ++           k - ring of wizardry
HPRegen 1.05/turn    i - +6 ring of intelligence
MPRegen 0.13/turn

%: wizardry (x1)
@: lethally poisoned (0 -> -5)
A: no striking features
a: no special abilities


You were on level 3 of the Dungeon.
You visited 1 branch of the dungeon, and saw 3 of its levels.
You also visited: Sewer.

You collected 150 gold pieces.

Inventory:

Armour
 a - a +0 robe
 l - a +0 troll leather armour (worn) {Pargi}
Jewellery
 d - a ring of positive energy
 i - a +6 ring of intelligence (right hand)
 k - a ring of wizardry (left hand)
Wands
 n - a wand of polymorph (4)
Scrolls
 f - a scroll of torment
 h - 2 scrolls of amnesia
Potions
 b - 2 potions of magic
 c - a potion of heal wounds {unknown}
 e - 2 potions of curing {unknown}
 g - a potion of might {unknown}
 j - 2 potions of mutation {unknown}
 m - 2 potions of haste
 o - a potion of lignification {unknown}
 p - a potion of invisibility {unknown}


   Skills:
 * Level 1.8 Fighting
 + Level 0.0 Armour
 + Level 3.3 Dodging
 + Level 3.8 Stealth
 * Level 4.5 Spellcasting
 * Level 5.4 Conjurations
 + Level 0.6 Translocations


You had 6 spell levels left.
You knew the following spells:

 Your Spells              Type           Power      Damage    Failure   Level
a - Magic Dart            Conj           100%       1d8       1%          1
b - Searing Ray           Conj           80%        2d7       1%          2
c - Iskenderun's Mystic   Conj/Tloc      26%        2d7       12%         4

Your spell library contained the following spells:

 Spells                   Type           Power      Damage    Failure   Level
 Freeze                   Ice            28%        1d5       4%          1
 Dazzling Flash           Conj/Hex       46%        N/A       4%          3
 Hailstorm                Conj/Ice       23%        3d7       4%          3
 Frozen Ramparts          Ice            14%        1d3       12%         3
 Fulminant Prism          Conj/Hex       11%        3d8       13%         4


Dungeon Overview and Level Annotations

Branches:
Dungeon (3/15)              Sewer (visited)

Altars:
Dithmenos

Annotations:
D:3 2 runed translucent doors, Crazy Yiuf; Loveship's ghost, amateur MfSh


Message History

A rat comes into view.
Casting: Magic Dart (safe; 1% risk of failure)
Confirm with . or Enter, or press ? or * to list all spells.
Aiming: Magic Dart (safe; 1% risk of failure)
Press: ? - help, Shift-Dir - straight line, f - rat
Aim: a rat (wandering, hasn't noticed you, 100% to hit)
The magic dart hits the rat!
You kill the rat!
Casting: Magic Dart (safe; 1% risk of failure)
Confirm with . or Enter, or press ? or * to list all spells.
You can't see any susceptible monsters within range! (Use Z to cast anyway.)
Casting: Magic Dart (safe; 1% risk of failure)
Confirm with . or Enter, or press ? or * to list all spells.
You can't see any susceptible monsters within range! (Use Z to cast anyway.)
Found a stone staircase leading up.
Crazy Yiuf shouts!
Crazy Yiuf grits, "Gnoll!"
As you open the door, it creaks loudly!
Casting: Magic Dart (safe; 1% risk of failure)
Confirm with . or Enter, or press ? or * to list all spells.
Aiming: Searing Ray (safe; 1% risk of failure)
Press: ? - help, Shift-Dir - straight line, f - Crazy Yiuf
Aim: Crazy Yiuf, wielding a +2 quarterstaff of chaos and wearing a +0 cloak (84% to hit)
The searing ray hits Crazy Yiuf.
Crazy Yiuf is lightly wounded. (Press . to maintain the ray.) Crazy Yiuf hits you with a +2 quarterstaff of chaos.
You feel your power leaking away.
The searing ray misses Crazy Yiuf.
Crazy Yiuf grits, "Adder foot fast!"
Crazy Yiuf hits you with a +2 quarterstaff of chaos.
You are poisoned.
The searing ray hits Crazy Yiuf.
Crazy Yiuf is moderately wounded.
You feel very sick.
Crazy Yiuf hits you with a +2 quarterstaff of chaos!
Ouch! That really hurt!
* * * LOW HITPOINT WARNING * * *
Crazy Yiuf burns you.
You die...

...)......#######.##.#
..........##########.#####
.........................#
...####.##################
...# #.# ...# ##.# ...#
#..#### ### ...# #.....##
###..)# ...#
#....PP####@g...# ...#
##....P.#..##...# ...#
##....#.### ### ####
########


You could see Crazy Yiuf.

Vanquished Creatures
  Pargi (Sewer)
  4 adders (D:3)
  A gnoll (D:1)
  3 dart slugs
  4 orcs (D:3)
  4 ball pythons (D:2)
  10 bats
  7 endoplasms
  4 giant cockroaches
  5 goblins
  6 hobgoblins
  6 jackals
  2 quokkas
  2 frilled lizards
  9 kobolds
  6 rats
74 creatures vanquished.

Notes
Turn   | Place    | Note
-------+----------+-------------------------------------------
     0 | D:1      | Moonkey the Deep Elf Conjurer began the quest for the Orb.
     0 | D:1      | Reached XP level 1. HP: 10/10 MP: 6/6
   199 | D:1      | Reached XP level 2. HP: 9/16 MP: 0/8
   631 | D:1      | Reached XP level 3. HP: 20/20 MP: 7/9
   697 | D:1      | Learned a level 2 spell: Searing Ray
   922 | D:1      | Reached skill level 1 in Fighting
  1663 | D:2      | Reached skill level 5 in Conjurations
  2232 | D:3      | Found a large runed translucent door.
  2235 | D:3      | Reached XP level 4. HP: 25/25 MP: 8/11
  2235 | D:3      | Found a large runed translucent door.
  2285 | D:3      | Noticed Loveship's ghost (amateur MfSh)
  2567 | D:3      | Found a shadowy altar of Dithmenos.
  2778 | D:3      | Found a runed translucent door.
  2779 | D:3      | Noticed Crazy Yiuf
  2894 | D:3      | Found a glowing drain.
  2906 | D:3      | Learned a level 4 spell: Iskenderun's Mystic Blast
  2907 | Sewer    | Entered a sewer
  2931 | Sewer    | Noticed Pargi
  2944 | Sewer    | Killed Pargi
  2945 | Sewer    | Reached XP level 5. HP: 28/30 MP: 3/13
  3471 | D:3      | HP: 1/30 [Crazy Yiuf/+2 quarterstaff of chaos (16)]
  3471 | D:3      | Slain by Crazy Yiuf

Illustrated notes

Levels and vault maps discovered:
D:1:      co_arrival_square_in_a_square_in_a_square, layout_basic,
          serial_bayou_ford_a, minmay_surrounded
D:2:      minmay_inner_zag, layout_basic
D:3:      layout_basic, nicolae_dithmenos_through_a_glass_darkly,
          ebering_ghost_disaster_area, portal_sewer_entry_a,
          uniq_crazy_yiuf_cottage

Skill      XL: |  1  2  3  4 |
---------------+-------------+-----
Fighting       | 1 |  1.8
Stealth        | 3 |  3.8
Conjurations   | 5 |  5.4
Spellcasting   | 4 |  4.5
Dodging        | 3 |  3.3
Translocations | |  0.6

Action                     |  1- 3 |  4- 6 || total
---------------------------+-------+-------++-------
   Cast: Magic Dart        |    82 |    51 ||   133
         Searing Ray       |       |     4 ||     4
    Use: Scroll            |     2 |     1 ||     3
 Armour: Robe              |     6 |     4 ||    10
         Troll leather arm |       |     3 ||     3
  Dodge: Dodged            |    10 |     3 ||    13

Table legend: (Time is in decaauts)
 A = Elapsed time spent in this place.
 B = Non-inter-level travel time spent in this place.
 C = Inter-level travel time spent in this place.
 D = Time resting spent in this place.
 E = Time spent auto-exploring this place.
 F = Levels seen in this place.
 G = Mean time per level.
                   A        B        C        D        E       F      G
               +--------+--------+--------+--------+--------+-----+--------+
         Total |   3481 |   3373 |    108 |    364 |   2487 |   4 |  870.2 |
       Dungeon |   3308 |   3200 |    108 |    285 |   2453 |   3 | 1102.7 |
         Sewer |    172 |    172 |      0 |     79 |     34 |   1 |  172.0 |
               +--------+--------+--------+--------+--------+-----+--------+

Top non-repeatable levels by time:
     D:2: 1207 daAuts
     D:3: 1095 daAuts
     D:1: 1006 daAuts
   Sewer: 172 daAuts
